Unix NetHack Version 5.0.0-0 post-release - last build Jun 10 2026 00:39:30 (3ee93aec679c4c4259841fe613dc97188e26a321,branch:main).

Game began 2026-06-16 16:54:25, ended 2026-06-16 16:58:12.

CygnusLR2, lawful female dwarven Valkyrie

                                                       --------------
                                                       |...........`|
                                                      #.............|
                                            -----     #|............|
                                            | . |     #|............|
                                            | . |     #-------.------
                                            ....--- ###       #
                                            |...  .|#         #
                                            |...$...#         #
                                            |. ... |          #
                                            ----...           #
                                               |.            ########%##%#
                                               |  .|         ##      ----|----
                                               ---.-###########    ##........|
                                                  `##       --@--  # |.......|
                                                            |.<.|  # |.......|
                                                            |....### |.......|
                                                            |...|    ---------
                                                            -----

CygnusLR2 the Skirmisher    St:18 Dx:12 Co:19 In:8 Wi:10 Ch:8  Lawful
Dlvl:1  $:23 HP:52(52) Pw:7(7) AC:5  Xp:4 T:412 

Latest messages:
 The little dog misses the fog cloud.
 You hear some noises.
 You hear some noises in the distance.
 You hear some noises in the distance.
 You hear some noises in the distance.
 You hear some noises in the distance.
 The fog cloud misses!
 You miss the fog cloud.
 You destroy the fog cloud!
 You hear some noises in the distance.
 Step into that vapor cloud? [yn] (n) n
 Step into that vapor cloud? [yn] (n) y
 You hear some noises.
 The little dog misses it.
 The little dog misses the fog cloud.
 The little dog misses the fog cloud.
 The little dog misses the fog cloud.
 The little dog misses the fog cloud.
 You miss the fog cloud.
 The little dog misses the fog cloud.
 The little dog misses the fog cloud.
 You miss the fog cloud.
 The little dog misses the fog cloud.
 The little dog misses the fog cloud.
 You miss the fog cloud.
 The little dog misses the fog cloud.
 The fog cloud engulfs you!
 You are laden with moisture and can barely breathe!
 You hit the fog cloud.
 You destroy the fog cloud!
 You stop.  Your little dog is in the way!
 You swap places with your little dog.
 You hear some noises.
 You hear some noises in the distance.
 You hear some noises in the distance.
 You hear some noises.
 Step into that vapor cloud? [yn] (n) n
 You hear some noises in the distance.
 It misses the fog cloud.
 It misses the fog cloud.
 You hear some noises in the distance.
 You hear some noises in the distance.
 You hear some noises in the distance.
 Really quit without saving? [yn] (n) n
 Really quit without saving? [yn] (n) y
 Do you want your possessions identified? [ynq] (y) n
 Do you want to see your attributes? [ynq] (y) n
 Do you want an account of creatures vanquished? [ynaq] (y) n
 Do you want to see your conduct and achievements? [ynq] (y) n
 Do you want to see the dungeon overview? [ynq] (y) n

Inventory:
 Coins    ('$')
  $ - 23 gold pieces
 Weapons  (')')
  b - a +0 dagger (alternate weapon; not wielded)
  a - a +1 dwarvish spear (weapon in right hand)
 Armor    ('[')
  g - a blessed +0 orcish helm
  f - an uncursed +0 orcish helm (being worn)
  c - an uncursed +3 small shield (being worn)
 Comestibles  ('%')
  d - an uncursed food ration
 Scrolls  ('?')
  e - an uncursed scroll of destroy armor

CygnusLR2 the Valkyrie's attributes:

Background:
 You were a Skirmisher, a level 4 dwarven Valkyrie.
 You were lawful, on a mission for Tyr
 who was opposed by Odin (neutral) and Loki (chaotic).
 You were right-handed.
 You were in the Dungeons of Doom, on level 1.
 You entered the dungeon 412 turns ago.
 There was a new moon in effect when your adventure ended.
 You had 140 experience points, 20 more were needed to attain level 5.

Basics:
 You had all 52 hit points.
 You had all 7 energy points (spell power).
 Your armor class was 5.
 Your wallet contained 23 zorkmids.
 Autopickup was off.

Final Characteristics:
 Your strength was 18 (limit:18/100).
 Your dexterity was 12 (limit:20).
 Your constitution was 19 (limit:20).
 Your intelligence was 8 (limit:16).
 Your wisdom was 10 (limit:16).
 Your charisma was 8 (limit:16).

Final Status:
 You weren't hungry.
 You were unencumbered.
 You were wielding a spear.
 You had basic skill with spear.

Final Attributes:
 You were fervently aligned.
 You were cold resistant.
 You had infravision.
 You were stealthy.
 You survived.

Miscellaneous:
 You didn't encounter any bones levels.
 Total elapsed playing time was 3 minutes and 44 seconds.

Major events:
 Turn
    1: CygnusLR2 the lawful dwarven Valkyrie entered the dungeon
  233: attained the rank of Skirmisher (level 3)
  412: quit

You didn't know any spells.

Skills:
 Fighting Skills
   bare handed combat [Unskilled]
   two weapon combat  [Unskilled]
   riding             [Unskilled]
 Weapon Skills
   dagger             [Basic]
   axe                [Unskilled]
   pick-axe           [Unskilled]
   short sword        [Unskilled]
   broadsword         [Unskilled]
   long sword         [Unskilled]
   two-handed sword   [Unskilled]
   saber              [Unskilled]
   hammer             [Unskilled]
   quarterstaff       [Unskilled]
   polearms           [Unskilled]
   spear              [Basic]
   trident            [Unskilled]
   lance              [Unskilled]
   sling              [Unskilled]
 Spellcasting Skills
   attack spells      [Unskilled]
   escape spells      [Unskilled]

Voluntary challenges:
 Character rerolling was not enabled.
 You were an atheist.
 You were illiterate.
 You never genocided any monsters.
 You never polymorphed an object.
 You never changed form.
 You used no wishes.
Achievement:
 You attained the rank of Skirmisher.

 The Dungeons of Doom:
    Level 1: <- You were here.


Vanquished creatures:
  8 fog clouds
  a jackal
  a kobold
  2 goblins
  a sewer rat
  a kobold zombie
14 creatures vanquished.

No species were genocided or became extinct.

Farvel CygnusLR2 the Valkyrie...

You quit in The Dungeons of Doom on dungeon level 1 with 583 points,
and 23 pieces of gold, after 412 moves.
You were level 4 with a maximum of 52 hit points when you quit.

